 Dungeon Crawl Stone Soup version 0.19.0-16-g73b5abf (webtiles) character file.

8 Gargoyl the Skirmisher (level 2, 26/26 HPs)
             Began as a Demonspawn Abyssal Knight on Nov 11, 2016.
             Was a Follower of Lugonu.
             Quit the game on level 1 of the Dungeon.
             The game lasted 00:01:06 (581 turns).

Gargoyl the Skirmisher (Demonspawn Abyssal Knight)   Turns: 581, Time: 00:01:07

Health: 26/26      AC:  6    Str: 12    XL:     2   Next: 0%
Magic:  3/3        EV: 10    Int: 13    God:    Lugonu [*.....]
Gold:   41         SH:  0    Dex: 12    Spells: 0 memorised, 1 level left

rFire  . . .     SeeInvis .     a - +1 hand axe
rCold  . . .     Gourm    .     k - +0 ring mail
rNeg   . . .     Faith    .     (no shield)
rPois  .         Spirit   +     (no helmet)
rElec  .         Reflect  .     (no cloak)
rCorr  .         Harm     .     d - +0 pair of gloves
MR     .....                    (no boots)
Stlth  +.........               (no amulet)
                                (no ring)
                                (no ring)

@: no status effects
A: robust 1, magic shield
a: Depart the Abyss, Renounce Religion


You were on level 1 of the Dungeon.
You worshipped Lugonu.
Lugonu was aware of your devotion.
You were not hungry.

You visited 1 branch of the dungeon, and saw 1 of its levels.
You visited the Abyss 1 time.

You collected 41 gold pieces.

Inventory:

Hand Weapons
 a - a +1 hand axe (weapon)
Armour
 b - a +0 leather armour
 d - a +0 pair of gloves (worn)
 k - a +0 ring mail (worn)
Scrolls
 e - a scroll of vulnerability {unknown}
 g - a scroll of brand weapon {unknown}
 l - a scroll of enchant weapon {unknown}
 m - a scroll of identify {unknown}
Potions
 h - a potion of cancellation {unknown}
 i - a potion of ambrosia {unknown}
Comestibles
 c - a bread ration
 f - a slice of pizza
 j - 2 meat rations


   Skills:
 + Level 3.2 Fighting
 + Level 2.0 Axes
 + Level 1.8 Armour
 + Level 0.8 Dodging
 + Level 2.6 Invocations


You had one spell level left.
You didn't know any spells.

Dungeon Overview and Level Annotations

Branches:
Dungeon (1/15)

Altars:


Innate Abilities, Weirdness & Mutations

When hurt, damage is shared between your health and your magic reserves.
You are robust. (+10% HP)


Message History

a whip; a kobold corpse; a hobgoblin corpse
Found a scroll labeled QYSSASSESS.
m - a scroll labeled QYSSASSESS
j - 2 meat rations (gained 1)
You see here a rat corpse.
Things that are here:
a whip; a kobold corpse; a hobgoblin corpse You open the door.
A goblin comes into view. It is wielding a club.
The goblin shouts!
There is an open door here.
The goblin hits you but does no damage.
You closely miss the goblin. The goblin hits you but does no damage.
You hit the goblin.
You kill the goblin!
Lugonu accepts your kill.
You have reached level 2!
Your demonic ancestry asserts itself...
You feel your magical essence form a protective shroud around your flesh.
Are you sure you want to abandon this character and quit the game? (Confirm with "yes".)

##.##.# ####..# #.##.#
#..# #..#†# #... ##.#)#
#... #...# ####
###..#####
#........#####
###########.............
......)@..'...>....#####
###########........#
#........# #..).....#
#........# #........#
#........# #........#
##########


There were no monsters in sight!

Vanquished Creatures
  A giant cockroach (D:1)
  A hobgoblin (D:1)
  A ball python (D:1)
  A frilled lizard (D:1)
  A goblin (D:1)
  3 kobolds (D:1)
  A rat (D:1)
9 creatures vanquished.

Notes
Turn   | Place    | Note
-------+----------+-------------------------------------------
     0 | Abyss:1  | Gargoyl the Demonspawn Abyssal Knight began the quest for the Orb.
     0 | Abyss:1  | Reached XP level 1. HP: 18/18 MP: 2/2
    99 | Abyss:1  | Noticed a ynoxinul
   106 | Abyss:2  | Noticed a small abomination
   133 | Abyss:2  | Noticed a large abomination
   139 | Abyss:2  | Noticed a neqoxec
   141 | Abyss:2  | Gained mutation: You are robust. (+10% HP) [a neqoxec]
   146 | D:1      | Escaped the Abyss
   514 | D:1      | Reached * piety under Lugonu
   580 | D:1      | Gained mutation: When hurt, damage is shared between your health and your magic reserves. [demonic ancestry]
   580 | D:1      | Reached XP level 2. HP: 26/26 MP: 3/3
   581 | D:1      | Quit the game

Skill      XL: |  1 |
---------------+----+-----
Axes           | 2 |  2.0
Fighting       | |  3.2
Armour         | |  1.8
Dodging        | |  0.8
Invocations    | |  2.6

Action                   || total
-------------------------++-------
Melee: Hand axe          ||    29
Invok: Depart the Abyss  ||     1
Armor: Ring mail         ||     8
       Leather armour    ||     2
Dodge: Dodged            ||    14
